 Dungeon Crawl Stone Soup version 0.27-a0-421-g7ddf969dea (webtiles) character file.

Game seed: 17554121178591192172

23 Anon1729 the Skirmisher (level 2, -7/24 HPs)
             Began as a Demonspawn Monk on Feb 26, 2021.
             Killed by divine providence
             ... invoked by an orc priest
              (15 damage)
             ... on level 2 of the Dungeon.
             The game lasted 00:00:46 (661 turns).

Anon1729 the Skirmisher (Demonspawn Monk)            Turns: 661, Time: 00:00:46

Health: -7/24      AC:  2    Str: 11    XL:     2   Next: 75%
Magic:  2/2        EV: 13    Int: 11    God:
Gold:   35         SH:  0    Dex: 15    Spells: 1/1 levels left

rFire    . . .     SeeInvis .   a - +0 short sword
rCold    . . .     Faith    .   (no shield)
rNeg     . . .     Spirit   .   b - +0 robe
rPois    .         Reflect  .   (no helmet)
rElec    .         Harm     .   (no cloak)
rCorr    .         Rampage  .   (no gloves)
Will     .....                  (no boots)
Stlth    +.........             (no amulet)
HPRegen  0.08/turn              (no ring)
MPRegen  0.08/turn              (no ring)

@: confused
A: claws 1
a: no special abilities


You were on level 2 of the Dungeon.
You visited 1 branch of the dungeon, and saw 2 of its levels.

You collected 35 gold pieces.

Inventory:

Hand Weapons
 a - a +0 short sword (weapon)
Armour
 b - a +0 robe (worn)
Scrolls
 c - 2 scrolls of teleportation {unknown}
 d - a scroll of enchant armour {unknown}
 f - 2 scrolls of identify {unknown}
 h - a scroll of fog {unknown}
Potions
 e - a potion of heal wounds {unknown}
 g - a potion of mutation {unknown}


   Skills:
 + Level 3.3 Fighting
 - Level 3.0 Short Blades
 + Level 3.0 Dodging
 + Level 2.1 Stealth


You had one spell level left.
You didn't know any spells.
Your spell library was empty.

Dungeon Overview and Level Annotations

Branches:
Dungeon (2/15)

Altars:


Innate Abilities, Weirdness & Mutations

You have sharp fingernails.


Message History

No target in view!
HP restored.
Found an escape hatch in the floor.
An adder comes into view.
Found a scroll labelled SEPUSE RIEMNOHA.
An adder is nearby!
An adder is nearby!
An orc wizard comes into view. It is wielding a +1 dagger of venom.
The orc wizard shouts!
A leopard gecko, a jackal and 2 orcs come into view.
The orc shouts! x2
An orc priest comes into view. It is wielding a +0 hand axe.
The orc wizard points at you and mumbles some strange words.
You are confused.
The orc priest shouts!
Found a stone staircase leading down.
You are too confused!
You are too confused!
You are too confused!
You are too confused!
You are too confused!
You are too confused!
Unknown command.
Unknown command.
The orc priest mumbles some strange prayers to Beogh against you.
Beogh smites you!
Ouch! That really hurt!
The jackal bites you.
You hear a bark!
You're too confused to move!
A jackal comes into view.
The jackal bites you but does no damage.
The jackal misses you.
The orc wizard gestures at itself while chanting.
The orc wizard flickers and vanishes!
Deactivating autopickup; reactivate with Ctrl-A.
The orc priest mumbles some strange prayers to Beogh against you.
Beogh smites you!
Ouch! That really hurt!
You die...

.... .... .... ...
#..##..#
###...#.##### >
#...........# ...
##...........#
....###.o..........#
..#.>hoS#l.........#
#......o..h@.......#
......###..........#
..... #.........>#
.... .............#
... ....#......<..#
.. ?......##########
. ....... ......#
......


You could see an orc priest, an adder, 2 orcs, a leopard gecko and 2 jackals.

Vanquished Creatures
  An adder (D:2)
  3 dart slugs (D:1)
  A leopard gecko (D:1)
  A hobgoblin (D:1)
  2 frilled lizards (D:1)
  2 rats (D:1)
10 creatures vanquished.

Notes
Turn   | Place    | Note
-------+----------+-------------------------------------------
     0 | D:1      | Anon1729 the Demonspawn Monk began the quest for the Orb.
     0 | D:1      | Reached XP level 1. HP: 18/18 MP: 1/1
   173 | D:1      | Gained mutation: You have sharp fingernails. [demonic
                  | ancestry]
   173 | D:1      | Reached XP level 2. HP: 24/24 MP: 2/2
   661 | D:2      | Killed from afar by an orc priest

Illustrated notes

Levels and vault maps discovered:
D:1:      shiori_arrival_maze, layout_basic, minmay_misc_feat_plants,
          serial_bayou_crossing
D:2:      layout_rooms, lemuel_doored_altar

Skill      XL: |  1  2 |
---------------+-------+-----
Stealth        | 2 |  2.1
Short Blades   | 3 |  3.0
Dodging        | 3 |  3.0
Fighting       | |  3.3

Action                   || total
-------------------------++-------
Melee: Short sword       ||    32
 Stab: Sleeping          ||     4
Armor: Robe              ||     3
Dodge: Dodged            ||    18

Table legend: (Time is in decaauts)
 A = Elapsed time spent in this place.
 B = Non-inter-level travel time spent in this place.
 C = Inter-level travel time spent in this place.
 D = Time resting spent in this place.
 E = Time spent auto-exploring this place.
 F = Levels seen in this place.
 G = Mean time per level.
                   A        B        C        D        E       F      G
               +--------+--------+--------+--------+--------+-----+--------+
         Total |    665 |    631 |     34 |      0 |    550 |   2 |  332.5 |
       Dungeon |    665 |    631 |     34 |      0 |    550 |   2 |  332.5 |
               +--------+--------+--------+--------+--------+-----+--------+

Top non-repeatable levels by time:
     D:1: 617 daAuts
     D:2: 47 daAuts
